 Dungeon Crawl Stone Soup version 0.21.1-1-g345015f (webtiles) character file.

128 inmateoo the Insei (level 4, -1/35 HPs)
             Began as a Mummy Monk on Mar 21, 2018.
             Killed from afar by Edmund (7 damage)
             ... with a wand of flame (35)
             ... on level 4 of the Dungeon.
             The game lasted 00:03:02 (2760 turns).

inmateoo the Insei (Mummy Monk)                     Turns: 2760, Time: 00:03:03

Health: -1/35      AC:  3    Str: 14    XL:     4   Next: 87%
Magic:  0/4        EV: 12    Int:  9    God:
Gold:   176        SH:  0    Dex: 15    Spells: 3/3 levels left

rFire    . . .     SeeInvis .     - Unarmed
rCold    + + .     Gourm    .   (no shield)
rNeg     + + +     Faith    .   g - +0 leather armour {rC+}
rPois    ∞         Spirit   +   (no helmet)
rElec    .         Reflect  .   (no cloak)
rCorr    .         Harm     .   (no gloves)
MR       .....                  (no boots)
Stlth    ++........             e - amulet of guardian spirit
HPRegen  0.11/turn              d - ring of protection from fire
MPRegen  0.09/turn              (no ring)

@: slowed, very slow
A: no food or potions, fire vulnerability, cold resistance 1, negative energy
resistance 3, torment resistance, unbreathing
a: no special abilities


You were on level 4 of the Dungeon.
You were not hungry.

You visited 1 branch of the dungeon, and saw 4 of its levels.

You collected 176 gold pieces.

Inventory:

Hand Weapons
 j - a +0 blowgun
Missiles
 i - 7 poisoned javelins (quivered)
 k - a curare-tipped needle
Armour
 g - a +0 leather armour of cold resistance (worn)
Jewellery
 d - a ring of protection from fire (left hand)
 e - an amulet of guardian spirit (around neck)
Scrolls
 a - a scroll of amnesia {unknown}
 b - 4 scrolls of identify {unknown}
 c - a scroll of teleportation
 f - 4 scrolls of remove curse
 h - a scroll of enchant armour {unknown}


   Skills:
 - Level 3.0 Fighting
 - Level 2.4 Dodging
 - Level 1.5 Stealth
 * Level 4.7 Unarmed Combat


You had 3 spell levels left.
You didn't know any spells.

Dungeon Overview and Level Annotations

Branches:
Dungeon (4/15)
 Temple: D:4-7

Altars:
Elyvilon
Fedhas
Qazlal
Ru
Wu Jian
Xom
The Shining One

Annotations:
D:4 Edmund


Innate Abilities, Weirdness & Mutations

You do not eat or drink.
Your flesh is vulnerable to fire.
You are immune to poison.
Your flesh is cold resistant. (rC+)
You are immune to negative energy. (rN+++)
You are immune to unholy pain and torment.
You can survive without breathing.


Message History

Natasha barely misses you.
You closely miss Natasha.
Natasha is severely wounded.
The crimson imp barely misses you. The shadow imp hits you. Natasha claws you.
Unknown command.
You hit Natasha but do no damage. You punch Natasha.
Natasha is almost dead.
The crimson imp spits at you. The crimson imp closely misses you.
Natasha claws you!
* * * LOW HITPOINT WARNING * * *
The shadow imp closely misses you. The crimson imp completely misses you.
Unknown command.
You hit Natasha.
You kill Natasha!
Natasha screams in pain as she dies!
The shadow imp disappears in a puff of smoke!
The crimson imp disappears in a puff of smoke!
Unknown command.
Edmund zaps a wand.
The puff of flame hits you!
You die...

.. .# .. .#
...####### .#
.......@.## .#####.
...####.#.###.......
#@###....# #.#
##.#.# #.# ##..# ##
#.# .# .# ##


You could see Edmund.

Vanquished Creatures
  Natasha (D:4)
  2 adders
  3 worms
  5 dart slugs
  3 leopard geckos
  An orc (D:3)
  A ball python (D:1)
  2 giant cockroaches
  8 goblins
  12 hobgoblins
  A quokka (D:3)
  10 bats
  3 frilled lizards
  3 kobolds
  9 rats
64 creatures vanquished.

Notes
Turn   | Place    | Note
-------+----------+-------------------------------------------
     0 | D:1      | inmateoo the Mummy Monk began the quest for the Orb.
     0 | D:1      | Reached XP level 1. HP: 18/18 MP: 1/1
   283 | D:1      | Reached XP level 2. HP: 21/24 MP: 2/2
   326 | D:1      | Reached skill level 3 in Unarmed Combat
   542 | D:1      | Reached XP level 3. HP: 19/29 MP: 1/3
  1139 | D:2      | Found a sacrificial altar of Ru.
  1316 | D:2      | Found an ornate altar of the Wu Jian Council.
  1329 | D:2      | Found a glowing golden altar of the Shining One.
  1331 | D:2      | Found a shimmering altar of Xom.
  1332 | D:2      | Found a white marble altar of Elyvilon.
  1366 | D:2      | HP: 1/29 [goblin/stone (2)]
  1381 | D:2      | HP: 1/29 [goblin/stone (2)]
  1704 | D:2      | Reached skill level 4 in Unarmed Combat
  1755 | D:2      | Reached XP level 4. HP: 34/35 MP: 4/4
  1957 | D:2      | Found a blossoming altar of Fedhas.
  1984 | D:4      | Noticed Edmund
  2402 | D:3      | Found a stormy altar of Qazlal.
  2744 | D:4      | Noticed Natasha
  2755 | D:4      | Killed Natasha
  2760 | D:4      | Killed from afar by Edmund

Skill      XL: |  1  2  3 |
---------------+----------+-----
Unarmed Combat | 3 4 |  4.7
Fighting       | |  3.0
Dodging        | |  2.4
Stealth        | |  1.5

Action                   |  1- 3 |  4- 6 || total
-------------------------+-------+-------++-------
Melee: Unarmed           |   169 |    77 ||   246
       Punch             |     1 |     2 ||     3
  Use: Scroll            |     3 |       ||     3
 Stab: Sleeping          |     4 |       ||     4
Armor: Robe              |    24 |       ||    24
       Leather armour    |    14 |     6 ||    20
Dodge: Dodged            |   107 |    40 ||   147
